MLB
SAN FRANCISCO GIANTS @ COLORADO ROCKIES
08/03/2019
 
TOP OF THE 1ST
San Francisco Giants batting - Pitching for Colorado Rockies : LHP Gabriel Moya
Pitching: LHP Gabriel Moya
Batting: RHB Jose Iglesias 0-0: Ball
1-0: SINGLE (Line Drive, 6M, EV 105.0 MPH)
Batting: LHB Anthony Rizzo 0-0: Ball
1-0: Swinging Strike
1-1: Ball
2-1: Swinging Strike
2-2: Foul Ball, location: 2F
2-2: Fly out, F6 (Flyball, 6MD, EV 88.8 MPH)
Batting: SHB Yasmani Grandal 0-0: Foul Ball, location: 2F
0-1: Ball
1-1: Ball
2-1: Ball
3-1: Called Strike
3-2: Foul Ball, location: 2F
3-2: Fly out, F9 (Flyball, 89D, EV 100.0 MPH)
Batting: LHB Carlos Gonzalez 0-0: Ball
1-0: Ball
2-0: Ball
3-0: Base on Balls
Jose Iglesias to second
Batting: LHB Kyle Seager 0-0: Ball
1-0: Called Strike
1-1: Ball
2-1: Foul Ball, location: 2F
2-2: Ball
3-2: Foul Ball, location: 2F
3-2: SINGLE (Groundball, 4MD, EV 93.8 MPH)
Jose Iglesias to third
Carlos Gonzalez to second
Jose Iglesias scores
Carlos Gonzalez to third
Batting: LHB Kyle Schwarber 0-0: Called Strike
0-1: Ball
1-1: Foul Ball, location: 2F
1-2: Ball
2-2: SINGLE (Groundball, 6MD, EV 106.3 MPH)
Carlos Gonzalez scores
Kyle Seager to second
Pitching: RHP Mauricio Cabrera
Batting: RHB Yairo Munoz 0-0: Called Strike
0-1: Foul Ball, location: 2F
0-2: Ball
1-2: Fielders Choice at 2nd, 5-4 (Groundball, 56, EV 82.5 MPH)
Top of the 1st over - 2 runs, 3 hits, 0 errors, 2 left on base; San Francisco 2 - Colorado 0
BOTTOM OF THE 1ST
Colorado Rockies batting - Pitching for San Francisco Giants : LHP Caleb Smith
Pitching: LHP Caleb Smith
Batting: RHB JaCoby Jones 0-0: Ball
1-0: Foul Ball, location: 2F
1-1: Ball
2-1: Ball
3-1: Foul Ball, location: 2F
3-2: Foul Ball, location: 2F
3-2: Strikes out swinging
Batting: LHB Tommy La Stella 0-0: SINGLE (Groundball, 34D, EV 96.9 MPH)
Batting: RHB Mike Trout 0-0: Ball
1-0: Called Strike
1-1: Foul Ball, location: 2F
1-2: Foul Ball, location: 2F
1-2: Ball
2-2: Foul Ball, location: 2F
2-2: Ball
3-2: 2-RUN HOME RUN (Flyball, 78XD, EV 104.4 MPH), Distance : 415 ft
Batting: RHB Brandon Drury 0-0: Ground out 5-3 (Groundball, 56S, EV 86.9 MPH)
Batting: RHB Dustin Peterson 0-0: Ball
1-0: Ball
2-0: Ground out 5-3 (Groundball, 5, EV 104.4 MPH)
Bottom of the 1st over - 2 runs, 2 hits, 0 errors, 0 left on base; San Francisco 2 - Colorado 2
TOP OF THE 2ND
San Francisco Giants batting - Pitching for Colorado Rockies : RHP Mauricio Cabrera
Batting: LHB Tyler Naquin 0-0: Foul Ball, location: 2F
0-1: Ball
1-1: Swinging Strike
1-2: Strikes out swinging
Batting: RHB Caleb Smith 0-0: Ball
1-0: Fly out, F9 (Flyball, 9LSF, EV 76.9 MPH)
Batting: RHB Jose Iglesias 0-0: Ball
1-0: Foul Ball, location: 2F
1-1: Ground out 1-3 (Groundball, 34S, EV 83.1 MPH)
Top of the 2nd over - 0 runs, 0 hits, 0 errors, 0 left on base; San Francisco 2 - Colorado 2
BOTTOM OF THE 2ND
Colorado Rockies batting - Pitching for San Francisco Giants : LHP Caleb Smith
Batting: LHB Patrick Mazeika 0-0: Foul Ball, location: 2F
0-1: Swinging Strike
0-2: Ground out U3 (Groundball, 3, EV 101.9 MPH)
Batting: RHB Sean Rodriguez 0-0: Called Strike
0-1: Ball
1-1: Ball
2-1: Foul Ball, location: 2F
2-2: Ball
3-2: Foul Ball, location: 2F
3-2: Strikes out swinging
Batting: RHB Marty Herum 0-0: Ground out 6-3 (Groundball, 4M, EV 88.1 MPH)
Bottom of the 2nd over - 0 runs, 0 hits, 0 errors, 0 left on base; San Francisco 2 - Colorado 2
TOP OF THE 3RD
San Francisco Giants batting - Pitching for Colorado Rockies : RHP Mauricio Cabrera
Batting: LHB Anthony Rizzo 0-0: Ball
1-0: Foul Ball, location: 2F
1-1: Foul Ball, location: 2F
1-2: SINGLE (Groundball, 4MD, EV 106.9 MPH)
Batting: SHB Yasmani Grandal 0-0: Called Strike
0-1: Ball
1-1: Ball
2-1: Foul Ball, location: 2F
2-2: Strikes out swinging
Batting: LHB Carlos Gonzalez 0-0: Called Strike
0-1: Foul Ball, location: 2F
0-2: Foul Ball, location: 2F
0-2: Ball
1-2: Grounds into double play, 4-6-3 (Groundball, 4, EV 75.6 MPH)
Top of the 3rd over - 0 runs, 1 hit, 0 errors, 0 left on base; San Francisco 2 - Colorado 2
BOTTOM OF THE 3RD
Colorado Rockies batting - Pitching for San Francisco Giants : LHP Caleb Smith
Batting: RHB Mauricio Cabrera 0-0: Fly out, F8 (Flyball, 8RD, EV 101.3 MPH)
Batting: RHB JaCoby Jones 0-0: Ball
1-0: Called Strike
1-1: Called Strike
1-2: Ball
2-2: Strikes out swinging, 2-3 out at first.
Batting: LHB Tommy La Stella 0-0: Called Strike
0-1: Ball
1-1: Ball
2-1: Ball
3-1: Base on Balls
Batting: RHB Mike Trout 0-0: Swinging Strike
Tommy La Stella is caught stealing 2nd base 2-4
Bottom of the 3rd over - 0 runs, 0 hits, 0 errors, 0 left on base; San Francisco 2 - Colorado 2
TOP OF THE 4TH
San Francisco Giants batting - Pitching for Colorado Rockies : RHP Mauricio Cabrera
Pitching: RHP Jon Harris
Batting: LHB Kyle Seager 0-0: Ball
1-0: SINGLE (Groundball, 4D, EV 95.6 MPH)
Batting: LHB Kyle Schwarber 0-0: Called Strike
0-1: Ball
1-1: Ball
2-1: Foul Ball, location: 2F
2-2: Ball
3-2: 2-RUN HOME RUN (Line Drive, 9LD, EV 105.0 MPH), Distance : 366 ft
Batting: RHB Yairo Munoz 0-0: Called Strike
0-1: Ball
1-1: Bunt for hit to 13S - play at first, batter OUT! 1-3
Batting: LHB Tyler Naquin 0-0: Swinging Strike
0-1: Ball
1-1: Called Strike
1-2: Strikes out swinging
Batting: RHB Caleb Smith 0-0: Ball
1-0: Ground out 3-1 (Groundball, 34, EV 89.4 MPH)
Top of the 4th over - 2 runs, 2 hits, 0 errors, 0 left on base; San Francisco 4 - Colorado 2
BOTTOM OF THE 4TH
Colorado Rockies batting - Pitching for San Francisco Giants : LHP Caleb Smith
Batting: RHB Mike Trout 0-0: Ball
1-0: Ball
2-0: Ball
3-0: Base on Balls
Batting: RHB Brandon Drury 0-0: Called Strike
0-1: Foul Ball, location: 2F
0-2: Foul Ball, location: 2F
0-2: Ball
1-2: Strikes out swinging
Batting: RHB Dustin Peterson 0-0: Called Strike
0-1: Ball
1-1: Grounds into double play, 4-6-3 (Groundball, 4S, EV 85.0 MPH)
Bottom of the 4th over - 0 runs, 0 hits, 0 errors, 0 left on base; San Francisco 4 - Colorado 2
TOP OF THE 5TH
San Francisco Giants batting - Pitching for Colorado Rockies : RHP Jon Harris
Batting: RHB Jose Iglesias 0-0: Fly out, F7 (Flyball, 78D, EV 106.3 MPH)
Batting: LHB Anthony Rizzo 0-0: Ball
1-0: Foul Ball, location: 2F
1-1: Fly out, F9 (Line Drive, 9, EV 90.6 MPH)
Batting: SHB Yasmani Grandal 0-0: DOUBLE (Line Drive, 9LM, EV 89.4 MPH)
Batting: LHB Carlos Gonzalez 0-0: Ball
1-0: Ball
2-0: SINGLE (Groundball, 4MD, EV 105.0 MPH)
Yasmani Grandal to third
Runner from 3rd tries for Home, SAFE, no throw by CF
Batting: LHB Kyle Seager 0-0: Called Strike
0-1: Ball
1-1: Ball
2-1: Called Strike
2-2: Ball
3-2: DOUBLE (Line Drive, 9LS, EV 108.8 MPH)
Carlos Gonzalez to third
Carlos Gonzalez scores
Batting: LHB Kyle Schwarber 0-0: Intentional Walk
Pitching: LHP Jeffrey Springs
Batting: RHB Yairo Munoz 0-0: Called Strike
0-1: Ball
1-1: Swinging Strike
1-2: SINGLE (Groundball, 56D, EV 100.6 MPH)
Kyle Seager to third
Kyle Schwarber to second
Runner from 3rd tries for Home, SAFE, throw by LF to home
Batting: LHB Tyler Naquin 0-0: Ball
1-0: Called Strike
1-1: Ball
2-1: SINGLE (Groundball, 3D, EV 103.1 MPH)
Kyle Schwarber to third
Yairo Munoz to second
Batting: RHB Caleb Smith 0-0: Swinging Strike
0-1: Swinging Strike
0-2: Foul Ball, location: 2F
0-2: Ball
1-2: Ball
2-2: Ground out 5-3 (Groundball, 56S, EV 84.4 MPH)
Top of the 5th over - 3 runs, 5 hits, 0 errors, 3 left on base; San Francisco 7 - Colorado 2
BOTTOM OF THE 5TH
Colorado Rockies batting - Pitching for San Francisco Giants : LHP Caleb Smith
Pitching: RHP Carlos Alejandro Ramirez
Batting: LHB Patrick Mazeika 0-0: Ball
1-0: Foul Ball, location: 2F
1-1: Swinging Strike
1-2: Ball
2-2: Ball
3-2: Strikes out swinging
Batting: RHB Sean Rodriguez 0-0: Called Strike
0-1: Called Strike
0-2: Strikes out swinging
Batting: RHB Marty Herum 0-0: Ground out 4-3 (Groundball, 4, EV 83.8 MPH)
Bottom of the 5th over - 0 runs, 0 hits, 0 errors, 0 left on base; San Francisco 7 - Colorado 2
TOP OF THE 6TH
San Francisco Giants batting - Pitching for Colorado Rockies : LHP Jeffrey Springs
Batting: RHB Jose Iglesias 0-0: Ball
1-0: Ball
2-0: Swinging Strike
2-1: Foul Ball, location: 2F
2-2: Ball
3-2: Base on Balls
Pitching: RHP Rafael De Paula
Batting: LHB Anthony Rizzo 0-0: Called Strike
0-1: Ball
1-1: Foul Ball, location: 2F
1-2: Ground out 6-3 (Groundball, 4, EV 85.6 MPH)
Jose Iglesias to second
Batting: SHB Yasmani Grandal 0-0: Ball
1-0: Ball
2-0: Foul Ball, location: 2F
2-1: Foul Ball, location: 2F
2-2: Foul Ball, location: 2F
2-2: Fly out, F8 (Flyball, 8LS, EV 87.5 MPH)
Batting: LHB Carlos Gonzalez 0-0: Called Strike
0-1: Foul Ball, location: 2F
0-2: Foul Ball, location: 2F
0-2: Strikes out swinging
Top of the 6th over - 0 runs, 0 hits, 0 errors, 1 left on base; San Francisco 7 - Colorado 2
BOTTOM OF THE 6TH
Colorado Rockies batting - Pitching for San Francisco Giants : RHP Carlos Alejandro Ramirez
Batting: RHB Rafael De Paula 0-0: Ball
1-0: Ball
2-0: SINGLE (Line Drive, 4M, EV 105.0 MPH)
Batting: RHB JaCoby Jones 0-0: Called Strike
0-1: Foul Ball, location: 2F
0-2: Ball
1-2: Strikes out swinging
Pitching: RHP Chris Devenski
Batting: LHB Tommy La Stella 0-0: Ball
1-0: Called Strike
1-1: Foul Ball, location: 2F
1-2: Ball
2-2: Ball
3-2: Foul Ball, location: 2F
3-2: Foul Ball, location: 2F
3-2: SINGLE (Line Drive, 9S, EV 100.0 MPH)
Rafael De Paula to second
Batting: RHB Mike Trout 0-0: Ball
1-0: Foul Ball, location: 2F
1-1: Foul Ball, location: 2F
1-2: Ball
2-2: Ball
3-2: Base on Balls
Rafael De Paula to third
Tommy La Stella to second
Pitching: RHP Luke Gregerson
Batting: RHB Brandon Drury 0-0: Ball
1-0: Ball
2-0: Foul Ball, location: 2F
2-1: Called Strike
2-2: Strikes out swinging
Batting: RHB Dustin Peterson 0-0: Foul Ball, location: 2F
0-1: Swinging Strike
0-2: Ball
1-2: Ball
2-2: Ball
3-2: Strikes out swinging
Bottom of the 6th over - 0 runs, 2 hits, 0 errors, 3 left on base; San Francisco 7 - Colorado 2
TOP OF THE 7TH
San Francisco Giants batting - Pitching for Colorado Rockies : RHP Rafael De Paula
Batting: LHB Kyle Seager 0-0: Called Strike
0-1: Ground out U3 (Groundball, 3, EV 103.1 MPH)
Batting: LHB Kyle Schwarber 0-0: Ball
1-0: Ball
2-0: Foul Ball, location: 2F
2-1: Foul Ball, location: 2F
2-2: Ball
3-2: Strikes out looking
Batting: RHB Yairo Munoz 0-0: Called Strike
0-1: Ball
1-1: Ball
2-1: Foul Ball, location: 2F
2-2: Ball
3-2: Base on Balls
Batting: LHB Tyler Naquin 0-0: Ball
1-0: Called Strike
1-1: Ball
2-1: Fielders Choice at 2nd, 6-4 (Groundball, 6, EV 90.0 MPH)
Top of the 7th over - 0 runs, 0 hits, 0 errors, 1 left on base; San Francisco 7 - Colorado 2
BOTTOM OF THE 7TH
Colorado Rockies batting - Pitching for San Francisco Giants : RHP Luke Gregerson
Batting: LHB Patrick Mazeika 0-0: Ball
1-0: Foul Ball, location: 2F
1-1: Ball
2-1: Ball
3-1: Fly out, F8 (Line Drive, 8RD, EV 89.4 MPH)
Batting: RHB Sean Rodriguez 0-0: Called Strike
0-1: Ball
1-1: Ball
2-1: Called Strike
2-2: Ground out 6-3 (Groundball, 6, EV 83.8 MPH)
Batting: RHB Marty Herum 0-0: Ball
1-0: Called Strike
1-1: Swinging Strike
1-2: Strikes out looking
Bottom of the 7th over - 0 runs, 0 hits, 0 errors, 0 left on base; San Francisco 7 - Colorado 2
TOP OF THE 8TH
San Francisco Giants batting - Pitching for Colorado Rockies : RHP Rafael De Paula
Pinch Hitting: RHB Hunter Dozier 0-0: SINGLE (Line Drive, 89S, EV 90.0 MPH)
Batting: RHB Jose Iglesias 0-0: Ball
1-0: Called Strike
1-1: Fielders Choice at 2nd, 4-6 (Groundball, 34, EV 90.0 MPH)
Batting: LHB Anthony Rizzo 0-0: Ball
1-0: Ball
2-0: Called Strike
2-1: Ball
3-1: Base on Balls
Jose Iglesias to second
Batting: SHB Yasmani Grandal 0-0: Ball
1-0: Ball
2-0: Ball
3-0: Base on Balls
Jose Iglesias to third
Anthony Rizzo to second
Batting: LHB Carlos Gonzalez 0-0: Ball
Wild Pitch!
Jose Iglesias scores
Anthony Rizzo to third
Yasmani Grandal to second
1-0: Fly out, F7 (Flyball, 7S, EV 97.5 MPH)
Batting: LHB Kyle Seager 0-0: Ball
1-0: Fly out, F9 (Flyball, 89M, EV 97.5 MPH)
Top of the 8th over - 1 run, 1 hit, 0 errors, 2 left on base; San Francisco 8 - Colorado 2
BOTTOM OF THE 8TH
Colorado Rockies batting - Pitching for San Francisco Giants : RHP Luke Gregerson
Pitching: LHP Tony Watson
Batting: RHB Rafael De Paula 0-0: Ball
1-0: Ball
2-0: Called Strike
2-1: Ground out 4-3 (Groundball, 4, EV 78.1 MPH)
Batting: RHB JaCoby Jones 0-0: Ball
1-0: Foul Ball, location: 2F
1-1: Called Strike
1-2: Ball
2-2: Strikes out swinging
Batting: LHB Tommy La Stella 0-0: Ball
1-0: Ball
2-0: SOLO HOME RUN (Flyball, 78XD, EV 95.0 MPH), Distance : 414 ft
Batting: RHB Mike Trout 0-0: Called Strike
0-1: Ball
1-1: Swinging Strike
1-2: Strikes out swinging
Bottom of the 8th over - 1 run, 1 hit, 0 errors, 0 left on base; San Francisco 8 - Colorado 3
TOP OF THE 9TH
San Francisco Giants batting - Pitching for Colorado Rockies : RHP Rafael De Paula
Batting: LHB Kyle Schwarber 0-0: Foul Ball, location: 2F
0-1: Ball
1-1: Ball
2-1: Swinging Strike
2-2: SOLO HOME RUN (Flyball, 89XD, EV 89.4 MPH), Distance : 392 ft
Batting: RHB Yairo Munoz 0-0: Fly out, F7 (Line Drive, 7, EV 104.4 MPH)
Batting: LHB Tyler Naquin 0-0: Ball
1-0: Foul Ball, location: 2F
1-1: Swinging Strike
1-2: Strikes out looking
Pinch Hitting: RHB Tim Anderson 0-0: Foul Ball, location: 2F
0-1: Swinging Strike
0-2: Ball
1-2: Foul Ball, location: 2F
1-2: Foul Ball, location: 2F
1-2: Ball
2-2: SINGLE (Line Drive, 6D, EV 105.0 MPH)
Pitching: RHP Nick Ciuffo
Batting: RHB Jose Iglesias 0-0: Ball
1-0: Fly out, F9 (Flyball, 9LD, EV 88.8 MPH)
Top of the 9th over - 1 run, 2 hits, 0 errors, 1 left on base; San Francisco 9 - Colorado 3
BOTTOM OF THE 9TH
Colorado Rockies batting - Pitching for San Francisco Giants : LHP Tony Watson
Pitching: RHP Luke Leftwich
Batting: RHB Brandon Drury 0-0: Called Strike
0-1: Called Strike
0-2: Ball
1-2: Ball
2-2: Fly out, F4 (Flyball, 34D, EV 89.4 MPH)
Batting: RHB Dustin Peterson 0-0: Ball
1-0: Foul Ball, location: 2F
1-1: Foul Ball, location: 2F
1-2: Fly out, F7 (Flyball, 78D, EV 90.0 MPH)
Batting: LHB Patrick Mazeika 0-0: Ball
1-0: Ball
2-0: Ball
3-0: Called Strike
3-1: Called Strike
3-2: Foul Ball, location: 2F
3-2: Strikes out swinging
Bottom of the 9th over - 0 runs, 0 hits, 0 errors, 0 left on base; San Francisco 9 - Colorado 3
Thursday, November 7th, 2019 - OOTP Baseball 20.6 Build 55